 Seeded DCSS version 0.24-a0-592-g9a1d66b (webtiles) character file.

Game seed: 7318305288492884531, levelgen mode: deterministic

56 DrEnzyme the Grasshopper (level 3, 0/33 HPs)
             Began as a Naga Warper on Sept 9, 2019.
             Slain by an adder (4 damage)
             ... on level 3 of the Dungeon.
             The game lasted 00:06:57 (2301 turns).

DrEnzyme the Grasshopper (Naga Warper)              Turns: 2301, Time: 00:06:57

Health: 0/33       AC:  2    Str: 14    XL:     3   Next: 95%
Magic:  6/6        EV: 15    Int: 13    God:
Gold:   110        SH:  0    Dex: 15    Spells: 6/6 levels left

rFire    + . .     SeeInvis +   a - +0 falchion
rCold    + . .     Gourm    .   (no shield)
rNeg     . . .     Faith    .   b - +0 leather armour
rPois    +         Spirit   .   (no helmet)
rElec    +         Reflect  .   (no cloak)
rCorr    +         Harm     .   (no gloves)
MR       .....                  (no barding)
Stlth    +++.......             (no amulet)
HPRegen  0.11/turn              (no ring)
MPRegen  0.10/turn              (no ring)

@: agile, lethally poisoned (0 -> -8), short of breath, resistant, very slow
A: large, see invisible, deformed body, poison resistance, slowness 2, slow
metabolism 1, spit poison 1, AC +1
a: Spit Poison


You were on level 3 of the Dungeon.
You were hungry.

You visited 1 branch of the dungeon, and saw 3 of its levels.

You collected 110 gold pieces.

Inventory:

Hand Weapons
 a - a +0 falchion (weapon)
 m - a +2 dagger of speed
Missiles
 e - 3 boomerangs of dispersal
 g - 5 javelins (quivered)
 o - 15 poisoned darts
Armour
 b - a +0 leather armour (worn)
Scrolls
 c - 2 scrolls of teleportation {unknown}
 d - a scroll of blinking
 h - a scroll of enchant armour {unknown}
 i - 2 scrolls of magic mapping {unknown}
 j - 3 scrolls of identify {unknown}
 n - 3 scrolls of amnesia {unknown}
Comestibles
 f - 6 rations


   Skills:
 + Level 2.3 Fighting
 + Level 2.5 Long Blades
 + Level 1.0 Throwing
 + Level 1.2 Armour
 + Level 1.9 Dodging
 * Level 1.7 Stealth
 + Level 2.4 Spellcasting
   Level 3.0 Translocations


You had 6 spell levels left.
You didn't know any spells.
Your spell library contained the following spells:

 Spells                   Type           Power        Failure   Level  Hunger
 Blink                    Tloc           N/A          13%         2    ###....
 Shroud of Golubria       Chrm/Tloc      #.....       24%         2    ###....
 Gell's Gravitas          Tloc           #.........   26%         3    ###....
 Lesser Beckoning         Tloc           #.........   26%         3    ###....
 Teleport Other           Tloc           #.......     26%         3    ###....
 Passage of Golubria      Tloc           N/A          65%         4    #####..


Dungeon Overview and Level Annotations

Branches:
Dungeon (3/15)

Altars:
Cheibriados
Kikubaaqudgha


Innate Abilities, Weirdness & Mutations

You cannot wear boots.
Your serpentine skin is tough. (AC +1)
You have supernaturally acute eyesight. (SInv)
Armour fits poorly on your strangely shaped body.
Your system is resistant to poisons. (rPois)
You cover ground very slowly.
You have a slow metabolism.
You can spit poison.


Message History

The adder barely misses you.
You completely miss the adder.
The adder is almost dead.
You feel sick. The adder bites you.
* * * LOW HITPOINT WARNING * * *
Press: ? - help, Shift-Dir - straight line, p - rat The splash of poison misses the adder.
The splash of poison hits the rat.
The rat is poisoned.
You kill the rat!
You feel slightly more hungry. The adder bites you.
* * * LOW HITPOINT WARNING * * *
The adder bites you.
* * * LOW HITPOINT WARNING * * *
You are lethally poisoned!
The adder poisons you!
It was a potion of agility.
You feel agile all of a sudden.
* * * LOW HITPOINT WARNING * * *
You feel sick. The adder bites you.
You die...

#.# ### ... ...#.#
#####.##.#.#.# #
#...#........
.####.#...#........
.......<#.........(
#...........#...#. ###
.......####.###.#....#
#...... #.@S........
#...... ######.#..(#
#...... # . #......
#######


You could see an adder.

Vanquished Creatures
  An adder (D:3)
  A worm (D:2)
  A dart slug (D:1)
  3 leopard geckos
  2 giant cockroaches (D:1)
  3 goblins (D:1)
  9 hobgoblins
  3 bats (D:1)
  3 frilled lizards
  6 kobolds
  6 rats
38 creatures vanquished.

Notes
Turn   | Place    | Note
-------+----------+-------------------------------------------
     0 | D:1      | DrEnzyme the Naga Warper began the quest for the Orb.
     0 | D:1      | Reached XP level 1. HP: 19/19 MP: 3/3
   323 | D:1      | Reached XP level 2. HP: 26/26 MP: 5/5
   751 | D:1      | Reached XP level 3. HP: 29/32 MP: 6/6
   755 | D:1      | Reached skill level 1 in Armour
  1053 | D:1      | Reached skill level 1 in Throwing
  1325 | D:2      | Found a snail-covered altar of Cheibriados.
  1408 | D:2      | Reached skill level 1 in Stealth
  1590 | D:2      | Found an ancient bone altar of Kikubaaqudgha.
  2301 | D:3      | Slain by an adder

Levels and vault maps discovered:
D:1:      dpeg_arrival_refuge, layout_basic, hangedman_decor_slide_cut,
          minmay_pentomino_w4
D:2:      layout_basic, lemuel_crystal_altar, overflow_temple_1_default
D:3:      layout_basic

Skill      XL: |  1  2  3 |
---------------+----------+-----
Armour         | 1 |  1.2
Throwing       | 1 |  1.0
Stealth        | 1 |  1.7
Fighting       | |  2.3
Long Blades    | |  2.5
Dodging        | |  1.9
Spellcasting   | |  2.4
Translocations | |  3.0

Action                   || total
-------------------------++-------
Melee: Falchion          ||    82
Throw: Boomerang         ||     2
       Javelin           ||     8
 Abil: Spit Poison       ||    20
  Use: Potion            ||     2
  Eat: Chunk             ||     4
Armor: Leather armour    ||    31
Dodge: Dodged            ||    59
       Rpst.: Falchion   ||    12

Table legend:
 A = Non-vault XP
 B = Vault XP
 C = Vault XP percentage of total XP
 D = Non-vault monster count
 E = Vault monster count
 F = Vault count percentage of total count
                 A         B        C        D         E       F
            +---------+---------+-------+---------+---------+-------
      Total |      69 |      11 |  13.8 |      31 |       7 |  18.4
            +---------+---------+-------+---------+---------+-------
        D:1 |      29 |      11 |  27.5 |      15 |       7 |  31.8
        D:2 |      24 |       0 |   0.0 |      13 |       0 |   0.0
        D:3 |      16 |       0 |   0.0 |       3 |       0 |   0.0
            +---------+---------+-------+---------+---------+-------
